Unix NetHack Version 3.7.0-94 Work-in-progress - last build Dec 18 2023 00:11:04 (7e3deff068b9ef4f2ebb9a71ea0f5c4a3b578a14,branch:master). Game began 2023-12-19 12:37:31, ended 2023-12-21 18:05:14. MalkMcJorma, neutral male human Barbarian ----- |..... ---...- |....-- -------1..-- |51.1..5.)| 5 |.1.------- ----#--- -ag@U... 5 -.a@@%... +5E.....44 4 5 4 - .4.. 4 155 5 MalkMcJorma the Slayer St:25 Dx:18 Co:18 In:7 Wi:12 Ch:7 Neutral Astral Plane $:0 HP:0(130) Pw:44(44) AC:-37 Xp:22/20022307 T:66370 Conf Latest messages: Death reaches out with its deadly touch. You feel your life force draining away... The killer bee misses! You hear a nearby zap. The wand hits the killer bee! The killer bee is killed! Boing! You smite the gremlin! The gremlin misses! The gremlin misses! The gremlin misses! The gremlin misses! The umber hulk misses! The umber hulk misses! The umber hulk misses! The umber hulk's gaze confuses you! The priestess of Moloch swings her mace. The priestess of Moloch misses! The priestess of Moloch kicks! The priestess of Moloch points all around, then curses. The priest of Moloch swings his mace. The priest of Moloch hits! The priest of Moloch misses! The priest of Moloch points at you, then curses. Death reaches out with its deadly touch. You feel your life force draining away... Death reaches out with its deadly touch. You feel your life force draining away... What do you want to use or apply? [glp-su-xzBE-GI-KOSW or ?*] M - a potion of full healing. The gremlin misses! The gremlin misses! The gremlin misses! The gremlin misses! The umber hulk misses! The umber hulk misses! The umber hulk misses! The priestess of Moloch swings her mace. The priestess of Moloch misses! The priestess of Moloch misses! The air crackles around the priestess of Moloch. The priest of Moloch swings his mace. The priest of Moloch hits! The priest of Moloch misses! The priest of Moloch casts a spell at you! You feel as if you need some help. You feel a malignant aura surround you. Death reaches out with its deadly touch. You feel your life force draining away... You die... Inventory: Amulets ('"') y - an uncursed amulet of flying e - an uncursed amulet of life saving H - an uncursed amulet of magical breathing Z - a cursed amulet of reflection h - the blessed Amulet of Yendor named REAL! (being worn) Weapons (')') b - an uncursed +2 silver saber (alternate weapon; not wielded) a - the blessed rustproof +6 Vorpal Blade (weapon in right hand) Armor ('[') U - an uncursed greased rustproof +3 helmet (being worn) Y - an uncursed rustproof +4 pair of gauntlets of power (being worn) T - a blessed fireproof +1 pair of jumping boots (being worn) R - an uncursed +2 shield of reflection (being worn) C - an uncursed greased fireproof +3 cloak of protection (being worn) X - an uncursed fireproof +3 T-shirt with text "Down with the living!" (being worn) V - an uncursed +3 gray dragon scale mail (being worn) Comestibles ('%') c - an uncursed partly eaten cram ration P - an uncursed partly eaten cram ration j - an uncursed lizard corpse Spellbooks ('+') w - the cursed Book of the Dead Potions ('!') M - a blessed potion of full healing Rings ('=') N - a blessed ring of free action (on right hand) k - an uncursed ring of warning (on left hand) Wands ('/') F - an uncursed wand of death (0:2) u - a blessed wand of digging (0:2) G - an uncursed wand of polymorph (0:3) K - an uncursed wand of striking (0:0) q - an uncursed wand of teleportation (0:2) B - an uncursed wand of teleportation (0:2) S - an uncursed wand of teleportation (0:2) x - an uncursed wand of teleportation (0:0) l - a cursed wand of teleportation (0:2) z - an uncursed wand of wishing (1:0) E - a cursed wand of wishing (1:1) Tools ('(') r - a blessed greased bag of holding containing 21 items s - an uncursed greased bag of holding containing 16 items W - the cursed Bell of Opening (0:2) g - the uncursed Candelabrum of Invocation (7 of 7 candles attached) p - a blessed magic lamp v - an uncursed pair of lenses I - a cursed skeleton key O - an uncursed towel J - an uncursed +0 unicorn horn Gems/Stones ('*') Q - the blessed Heart of Ahriman Contents of the bag of holding: a cursed amulet of life saving a blessed +2 cloak of protection 16 uncursed C-rations 11 uncursed food rations 15 uncursed K-rations 6 uncursed tripe rations 8 uncursed scrolls of blank paper 7 cursed scrolls of blank paper an uncursed scroll of charging a blessed scroll of scare monster 2 blessed scrolls of teleportation 3 uncursed potions of healing an uncursed ring of conflict an uncursed ring of invisibility named Nazgul2 a cursed ring of invisibility named Nazgul3 a cursed ring of invisibility named Nazgul1 a cursed ring of warning an uncursed can of grease (0:18) a blessed magic marker (0:21) an uncursed magic marker (1:33) a blessed luckstone named luckstone Contents of the bag of holding: an uncursed wand of cold (0:7) an uncursed wand of cold (0:6) an uncursed wand of cold (0:4) a cursed wand of death named death (1:0) a cursed wand of death named death (1:0) an uncursed wand of striking (0:7) an uncursed wand of striking (0:6) an uncursed wand of striking (0:4) an uncursed wand of teleportation (0:8) an uncursed wand of teleportation (0:7) an uncursed wand of teleportation (0:5) an uncursed wand of teleportation (0:5) an uncursed wand of teleportation (0:5) an uncursed wand of teleportation (0:3) an uncursed wand of teleportation (0:3) an uncursed wand of teleportation (0:2) MalkMcJorma the Barbarian's attributes: Background: You were a Slayer, a level 22 male human Barbarian. You were neutral, on a mission for Crom who was opposed by Mitra (lawful) and Set (chaotic). You were right-handed. You were in the endgame, on the Astral Plane. You entered the dungeon 66370 turns ago. You had 20022307 experience points, 9977693 more were needed for level 23. Basics: You had 0 out of 130 hit points. You had all 44 energy points (spell power). Your armor class was -37. Your wallet was empty. Autopickup was off. Final Characteristics: Your strength was 25 (base:18, peak:18/01, innate limit:18/100). Your dexterity was 18 (limit:18). Your constitution was 18 (limit:18). Your intelligence was 7 (limit:18). Your wisdom was 12 (limit:18). Your charisma was 7 (limit:18). Final Status: You were confused. You weren't hungry. You were unencumbered. You were wielding a long sword. You were skilled in long sword. Final Attributes: You were the Envoy of Balance. You were piously aligned. You were magic-protected. You were fire resistant. You were cold resistant. You were sleep resistant. You were disintegration resistant. You were shock resistant. You were poison resistant. You saw invisible. You were telepathic. You were warned. You were invisible to others. You were stealthy. You could jump. You could teleport. You had teleport control. You had a large defense bonus (+11). You were protected. You had reflection. You had free action. You were extremely lucky. You had extra luck. Good luck did not time out for you. You are dead. Miscellaneous: You disabled loading of bones levels. Total elapsed playing time was 21 hours, 49 minutes and 4 seconds. Major events: Turn 1: MalkMcJorma the neutral male human Barbarian entered the dungeon 1267: attained the rank of Pillager (level 3) 1677: entered the Gnomish Mines 2424: attained the rank of Bandit (level 6) 3208: chose an elven dagger to be named "Sting" 3518: reached Mine Town 5314: chose an elven broadsword to be named "Orcrist" 8493: attained the rank of Brigand (level 10) 9266: acquired the Mines' End luckstone 12323: entered Sokoban 12973: completed 1st Sokoban level 13548: completed 2nd Sokoban level 13936: completed 3rd Sokoban level 14927: made his first wish - "blessed +2 gray dragon scale mail", got "a gray dragon scale mail" 14945: wished for "blessed amulet of life saving", got "a spherical amulet" 15555: completed 4th Sokoban level 15711: acquired the Sokoban bag of holding 24237: wished for "2 blessed scrolls of charging", got "2 scrolls labeled STRC PRST SKRZ KRK" 24259: wished for "blessed amulet of flying", got "a hexagonal amulet" 24260: wished for "blessed amulet of reflection", got "a circular amulet" 24302: wished for "blessed fixed +2 cloak of protection", got "a piece of cloth" 24331: wished for "blessed magic marker", got "a magic marker" 24354: wished for "blessed fixed +2 jumping boots", got "a pair of hiking boots" 24384: wished for "blessed fixed +2 t-shirt", got "a T-shirt" 26527: killed Medusa 26698: attained the rank of Raider (level 14) 31730: wished for "2 blessed scrolls of genocide", got "a scroll labeled ETAOIN SHRDLU" 31747: performed his first genocide (class L) 35770: killed Thoth Amon 35770: found the Heart of Ahriman carried by a monster 35771: acquired the Bell of Opening 37846: became Crom's Envoy of Balance 37846: was bestowed with Vorpal Blade 38234: wished for "2 scrolls of genocide", got "a scroll of genocide" 38236: genocided class h 38897: entered Gehennom 40834: bribed Asmodeus with 158 zorkmids for safe passage 41391: killed Juiblex 42697: bribed Baalzebub with 70 zorkmids for safe passage 43990: attained the rank of Reaver (level 18) 45092: killed Orcus 55964: destroyed Vlad the Impaler 55968: acquired the Candelabrum of Invocation 58411: killed the Wizard of Yendor 58425: killed the Wizard of Yendor (2nd time) 58551: killed the Wizard of Yendor (3rd time) 59435: wished for "2 blessed scrolls of charging", got "2 scrolls of charging" 59803: acquired the Book of the Dead 60237: killed the Wizard of Yendor (5th time) 60308: performed the invocation 60337: wished for "2 blessed potions of water", got "2 potions called Water" 61197: killed the high priestess of Moloch 61213: acquired The Amulet of Yendor 62345: killed the Wizard of Yendor (10th time) 63270: killed Yeenoghu 64312: wished for "2 uncursed potions of booze", got "2 potions of booze" 64652: wished for "2 blessed potions of water", got "2 potions called Water" 64668: wished for "2 blessed potions of water", got "2 potions called Water" 64673: wished for "2 blessed potions of water", got "a potion called Water" 65054: wished for "2 uncursed potions of booze", got "a potion of booze" 65249: attained the rank of Slayer (level 22) 65251: wished for "2 blessed potions of full healing", got "a potion of full healing" 65368: wished for "blessed ring of free action", got "a ring of free action" 65372: entered the Elemental Planes 65372: entered Plane of Earth 65525: entered Plane of Air 65640: entered Plane of Fire 65694: entered Plane of Water 65696: genocided class ; 66296: entered the Astral Plane 66298: wished for "2 cursed scrolls of genocide", got "2 scrolls of genocide" 66299: wished for "2 blessed scrolls of taming", got "a scroll labeled KIRJE" 66370: killed by Death Vanquished creatures: Orcus Yeenoghu Juiblex the Wizard of Yendor (15 times) Vlad the Impaler a high cleric Medusa 17 krakens 2 iron golems a ki-rin 2 storm giants 3 glass golems 4 balrogs Thoth Amon 18 purple worms a gray dragon 5 gold dragons a silver dragon 5 red dragons 4 white dragons 4 orange dragons 5 black dragons 4 blue dragons 2 green dragons 2 yellow dragons 22 minotaurs 7 jabberwocks 14 baluchitheria 4 Angels 2 demiliches 3 stone golems 21 Olog-hai 4 Nazgul 13 pit fiends 5 sandestins 3 hell hounds 9 displacer beasts 14 titanotheres 5 trappers a baby blue dragon 2 guardian nagas 7 genetic engineers 10 disenchanters 28 vampire leaders 12 skeletons 12 aligned clerics 9 captains 6 shades a lich 2 clay golems 8 nurses 16 ice devils 4 nalfeshnees 8 lurkers above 5 Aleaxes 6 ettins 3 golden nagas 11 black puddings 32 vampires 9 lieutenants 30 ghosts 7 winged gargoyles a mind flayer 7 giant mimics 8 long worms 6 zruties 12 fire giants 14 ogre tyrants 6 ice trolls 86 rock trolls 11 umber hulks 4 flesh golems 13 elven monarchs 5 doppelgangers 8 hezrous 11 bone devils 7 large mimics 4 wumpuses 5 fire vortices 2 baby purple worms 2 couatls 19 stalkers 3 air elementals 8 fire elementals 9 earth elementals 12 water elementals 21 hill giants 2 giant mummies a black naga 7 xorns 24 giant zombies 25 elf-nobles 16 sergeants 7 barbed devils 16 vrocks 7 salamanders 25 wargs 3 winter wolves 4 hell hound pups 17 small mimics 6 glass piercers 4 warhorses 7 steam vortices 25 xans 9 ettin mummies 14 ogre leaders 14 quantum mechanics 72 trolls 6 wood golems 3 erinyes 10 mariliths 2 djinn 8 sharks 8 electric eels 17 gelatinous cubes 6 pyrolisks 3 large dogs 3 freezing spheres 7 flaming spheres 8 shocking spheres 3 large cats 10 tigers 12 gargoyles 4 dwarf rulers 8 tengu 11 ochre jellies 13 leocrottas 10 energy vortices 18 mountain centaurs 7 stone giants 11 elf mummies 3 human mummies 6 red nagas 4 green slimes 5 pythons 17 pit vipers 6 cobras 56 wraiths 7 carnivorous apes 18 ettin zombies 6 leather golems 16 Grey-elves 54 soldiers 8 amorous demons 5 horned devils 11 chameleons 2 crocodiles 18 giant beetles 3 quivering blobs 27 cockatrices 25 wolves 5 winter wolf cubs 6 lynxes 6 panthers 42 gremlins 2 spotted jellies 40 leprechauns 15 orc-captains 4 iron piercers 11 mumakil 13 giant spiders 5 scorpions 2 horses 2 ice vortices 12 black lights 11 vampire bats 10 forest centaurs 10 gnome rulers 6 orc mummies 4 dwarf mummies 99 ogres 2 brown puddings 9 rust monsters 15 owlbears 2 yetis 2 gold golems 5 werewolves 23 Green-elves 6 piranha 19 giant eels 22 lizards 7 chickatrices 2 dingoes 3 housecats 11 jaguars 9 dwarf leaders 4 blue jellies 4 white unicorns 2 black unicorns 13 dust vortices 38 ravens 8 plains centaurs a Kop Kaptain 2 gnome mummies 8 snakes 8 apes 18 human zombies 18 Woodland-elves 32 soldier ants 14 fire ants 16 bugbears 7 imps 3 lemures 8 quasits 4 wood nymphs 8 water nymphs 7 mountain nymphs 17 Mordor orcs 11 Uruk-hai 10 orc shamans 6 rock piercers 8 rock moles 3 ponies 3 fog clouds 11 yellow lights 4 shriekers 5 violet fungi 27 gnome leaders 6 gnomish wizards 3 kobold mummies 7 gray oozes 4 barrow wights 23 elf zombies 13 ghouls 2 straw golems 4 paper golems 6 jellyfish 24 giant ants a little dog 15 floating eyes 23 dwarves 6 homunculi 6 kobold leaders 3 kobold shamans 46 hill orcs 23 rothes 4 rabid rats 2 centipedes 5 giant bats 9 orc zombies 24 dwarf zombies 2 wererats 4 werejackals 14 iguanas 62 killer bees 3 acid blobs 2 coyotes 2 gas spores 5 hobbits 10 manes a large kobold 21 hobgoblins an orc 2 giant rats 9 cave spiders a brown mold 2 yellow molds 2 red molds 58 gnomes 3 garter snakes 20 gnome zombies 5 geckos 18 jackals 6 foxes 6 kobolds 8 goblins 9 grid bugs 2 bats 7 lichens 14 kobold zombies 10 newts 2869 creatures vanquished. Genocided or extinct species: arch-liches krakens master liches demiliches master mind flayers Nazgul (extinct) liches mind flayers erinyes (extinct) sharks electric eels dwarf rulers piranha giant eels dwarf leaders bugbears jellyfish dwarves hobbits 17 species genocided. 2 species extinct. Voluntary challenges: You read items or engraved 119 times. You engraved Elbereth 14 times. You genocided 17 types of monsters. You used 22 wishes. You did not wish for any artifacts. You violated the special Sokoban rules once. Achievements: You entered a shop. You attained the rank of Pillager. You entered the Gnomish Mines. You attained the rank of Bandit. You entered Minetown. You attained the rank of Brigand. You completed the Gnomish Mines. You entered Sokoban. You completed Sokoban. You entered a temple. You defeated Medusa. You attained the rank of Raider. You learned the tune to open and close the Castle's drawbridge. You had the Bell of Opening. You entered Gehennom. You attained the rank of Reaver. You had the Candelabrum of Invocation. You had the Book of the Dead. You gained access to Moloch's Sanctum. You had the Amulet of Yendor. You attained the rank of Slayer. You reached the Elemental Planes. You reached the Astral Plane. The Elemental Planes: Astral Plane: <- You were here. Final resting place for you, killed by Death. Plane of Water: Plane of Fire: Plane of Air: Plane of Earth: The Dungeons of Doom: levels 1 to 25 Level 1: One way stairs up to The Elemental Planes. Level 2: An altar. Level 3: A general store, a fountain. Level 4: An altar, a fountain. Stairs down to The Gnomish Mines. Level 5: An altar to Crom. Level 6: An altar. Level 7: Many fountains. Level 8: A fountain. Stairs up to Sokoban, level 7. Level 9: A grave. Level 10: Some fountains, a grave. Level 11: Level 12: A temple and an altar, some fountains. Level 13: A temple and an altar, a sink, a grave. Level 14: A grave. Portal to The Quest. Level 15: A primitive area. Level 16: A temple and an altar. Level 17: Level 18: A temple and an altar to Crom. Level 19: Level 20: Some fountains. Level 21: A fountain, many trees. Level 22: Level 23: An altar, a fountain, a grave. Level 24: Level 25: A fountain. The castle (play notes "ACEFB" to open or close drawbridge). Connection to Gehennom. Gehennom: levels 26 to 48 Level 26: A temple and an altar, many graves. Valley of the Dead. Level 27: Level 28: Level 29: Level 30: A fountain. Level 31: Level 32: Level 33: Level 34: Level 35: A temple and an altar. Level 36: Stairs up to Vlad's Tower, level 35. Level 37: Level 38: "Orcus Town" Some shops, an altar, many graves. Level 39: Level 40: Level 41: Level 42: Level 43: Level 44: Level 45: Level 46: Level 47: Level 48: A temple and an altar, many graves. Moloch's Sanctum. The Gnomish Mines: levels 5 to 13 Level 5: Level 6: Level 7: Level 8: An altar, some fountains. Level 9: Level 10: Level 11: Level 12: Level 13: The Quest: levels 1 to 5 Level 1: A throne, many trees. Completed quest for Pelias. Level 2: Level 3: Level 4: Level 5: An altar. Sokoban: levels 7 up to 4 Level 4: Solved. Level 5: Solved. Level 6: Solved. Level 7: Solved. Vlad's Tower: levels 35 up to 33 Level 33: Level 34: Level 35: Game over: ---------- / \ / REST \ / IN \ / PEACE \ / \ | MalkMcJorma | | 0 Au | | killed by Death | | | | | | | | 2023 | *| * * * | * _________)/\\_//(\/(/\)/\//\/|_)_______ Goodbye MalkMcJorma the Barbarian... You died in The Astral Plane with 1731822 points, and 0 pieces of gold, after 66370 moves. You were level 22 with a maximum of 130 hit points when you died.